 Dungeon Crawl Stone Soup version 0.31.0-32-g396128a36d (webtiles) character file.

Game seed: 5175354801957841831

341 spaghetti the Cutter (level 6, -2/56 HPs)
             Began as a Naga Chaos Knight on Mar 9, 2024.
             Was a Plaything of Xom.
             Slain by Duvessa
             ... wielding a +0 short sword
              (5 damage)
             ... on level 4 of the Dungeon.
             The game lasted 00:02:49 (1986 turns).

spaghetti the Cutter (Naga Chaos Knight)            Turns: 1986, Time: 00:02:49

Health: -2/56      AC:  9    Str: 25    XL:     6   Next: 56%
Magic:  2/2        EV:  8    Int: 15    God:    Xom [....*.]
Gold:   162        SH:  0    Dex:  7    Spells: 5/5 levels left

rFire   . . .        w - +8 sling "Fungyneg" {antimagic, Int+2}
rCold   + . .        (no shield)
rNeg    . . .        l - +2 scale mail {rC+}
rPois   +            (no helmet)
rElec   .            (no cloak)
rCorr   .            (no gloves)
SInv    +            (no barding)
Will    .....        (no amulet) Stlth
                     r - +6 ring of strength
HPRegen 0.29/turn    (no ring)
MPRegen 0.08/turn

%: no passive effects
@: hasted, quick
A: AC +2, large, see invisible, deformed body, poison resistance, slowness 2,
spit poison 1, naga tail 1, iridescent scales 1, clumsy 1, passive freeze,
strong 1, evolution 1
a: Spit Poison, Renounce Religion


You were on level 4 of the Dungeon.
You worshipped Xom.
You were a beloved toy of Xom.
You visited 1 branch of the dungeon, and saw 4 of its levels.

You collected 162 gold pieces.

Inventory:

Hand Weapons
 a - a +0 spear of chaos
 g - a +2 vampiric short sword
 q - a +2 heavy scythe
 w - the +8 sling "Fungyneg" (weapon) {antimagic, Int+2}
   (You found it on level 3 of the Dungeon)

   Int+2:     It affects your intelligence (+2).
Armour
 b - a +2 leather armour
 j - a +0 plate armour
 l - a +2 scale mail of cold resistance (worn)
Magical Staves
 u - a staff of fire
Jewellery
 f - a ring of ice
 r - a +6 ring of strength (left hand)
Wands
 v - a wand of mindburst (9)
Scrolls
 c - a scroll of butterflies
 d - 5 scrolls of identify {unknown}
 h - a scroll of fog {unknown}
 i - a scroll of silence {unknown}
 k - a scroll of brand weapon {unknown}
 m - 2 scrolls of enchant armour {unknown}
 t - a scroll of teleportation {unknown}
 y - a scroll of amnesia {unknown}
Potions
 e - a potion of ambrosia {unknown}
 n - 2 potions of curing {unknown}
 o - a potion of mutation
 p - 2 potions of heal wounds
 s - 3 potions of magic {unknown}
 x - a potion of might {unknown}
 z - a potion of enlightenment {unknown}
 A - a potion of haste {unknown}


   Skills:
 - Level 3.6 Fighting
 - Level 6.0 Short Blades
 - Level 3.0 Polearms
 + Level 0.1 Ranged Weapons
 - Level 1.5 Armour
 - Level 0.7 Dodging


You had 5 spell levels left.
You didn't know any spells.
Your spell library was empty.

Dungeon Overview and Level Annotations

Branches:
Dungeon (4/15)
 Temple: D:4-7

Altars:
Ashenzari

Annotations:
D:3 1 runed translucent door, Gadfly's ghost, amateur GrFi
D:4 Duvessa


Innate Abilities, Weirdness & Mutations

Your serpentine skin is tough. (AC +2)
You have supernaturally acute eyesight. (SInv)
Armour fits poorly on your strangely shaped body.
Your system is resistant to poisons. (rPois)
You cover ground very slowly.
You can spit poison.
You have a snake-like lower body.
You are partially covered in iridescent scales. (AC +2)
You are clumsy. (Dex -2)
A frigid envelope surrounds you and freezes all who hurt you.
Your muscles are strong. (Str +4, Int/Dex -1)
You have hidden genetic potential.


Message History

You are too injured to fight recklessly!
You are too injured to fight recklessly!
You are too injured to fight recklessly!
You are too injured to fight recklessly!
You are too injured to fight recklessly!
You are too injured to fight recklessly!
You are too injured to fight recklessly!
You are too injured to fight recklessly!
You shoot a sling bullet.
The sling bullet closely misses Duvessa.
Duvessa hits you with a +0 short sword.
Duvessa is very cold.
Duvessa is moderately wounded.
Duvessa hits you with a +0 short sword.
Duvessa is very cold.
Duvessa is moderately wounded.
Duvessa hits you with a +0 short sword!
Duvessa is very cold.
Duvessa is heavily wounded.
You shoot a sling bullet. The sling bullet barely misses Duvessa.
Duvessa hits you but does no damage.
Duvessa is very cold.
Duvessa is heavily wounded.
Duvessa hits you with a +0 short sword.
Duvessa is very cold.
Duvessa is severely wounded.
You shoot a sling bullet.
The sling bullet closely misses Duvessa.
Duvessa hits you with a +0 short sword.
* * * LOW HITPOINT WARNING * * *
Duvessa is very cold.
Duvessa is severely wounded.
Duvessa hits you with a +0 short sword!
* * * LOW HITPOINT WARNING * * *
Duvessa is very cold.
Duvessa is severely wounded.
You shoot a sling bullet. The sling bullet barely misses Duvessa.
Xom smiles on you.
You feel yourself speed up. Duvessa closely misses you.
Duvessa hits you with a +0 short sword.
* * * LOW HITPOINT WARNING * * *
Duvessa is very cold.
Duvessa is almost dead.
Duvessa hits you with a +0 short sword.
You die...

∆ #...........#. ∆
###########.#. ∆ ∆
#.#. ########## #.#.
#........### #.#.
#.##....... #.#.
##.#......#.##### #.#
......e.........# #.#
####@#<...##.# #.#
#.....#)..##.#####.#
#.##..#............#
#.#####..###.########
#.# #................
#.###.#.##)#.########
#.....#.##.#........
########.##.#########
.........##.#


You could see Duvessa (berserk).

Vanquished Creatures
  Sigmund (D:2)
  Dowan (D:4)
  Robin (D:2)
  4 adders
  A ribbon worm (D:2)
  A dart slug (D:2)
  5 orcs (D:3)
  4 bats
  9 endoplasms
  4 giant cockroaches (D:1)
  14 goblins
  4 hobgoblins
  2 quokkas (D:1)
  9 ball pythons
  5 frilled lizards
  6 kobolds
  2 rats (D:1)
73 creatures vanquished.

Notes
Turn   | Place    | Note
-------+----------+-------------------------------------------
     0 | D:1      | spaghetti the Naga Chaos Knight began the quest for the
                  | Orb.
     0 | D:1      | Reached XP level 1. HP: 21/21 MP: 1/1
   115 | D:1      | Reached XP level 2. HP: 28/28 MP: 2/2
   160 | D:1      | XOM: silly message
   287 | D:1      | Reached skill level 1 in Short Blades
   386 | D:1      | Reached XP level 3. HP: 32/34 MP: 3/3
   611 | D:2      | Reached skill level 2 in Short Blades
   645 | D:2      | XOM: potion effect (might)
   704 | D:2      | Found a broken altar of Ashenzari.
   720 | D:2      | Reached XP level 4. HP: 43/43 MP: 4/4
   760 | D:2      | Reached skill level 3 in Short Blades
   810 | D:2      | XOM: scenery: 1 doors open, 1 doors close
   828 | D:2      | XOM is BORED!
   863 | D:2      | XOM: cloud trail
   931 | D:2      | Noticed Robin
   948 | D:2      | Gained mutation: You are clumsy. (Dex -2) [potion of
                  | mutation]
   948 | D:2      | Gained mutation: You have hidden genetic potential. [potion
                  | of mutation]
   948 | D:2      | Gained mutation: Your muscles are strong. (Str +4, Int/Dex
                  | -1) [potion of mutation]
   948 | D:2      | Gained mutation: You are partially covered in iridescent
                  | scales. (AC +2) [potion of mutation]
   986 | D:2      | Killed Robin
  1131 | D:2      | Noticed Sigmund
  1132 | D:2      | XOM: summons 4 friendly demons
  1140 | D:2      | Killed Sigmund
  1141 | D:2      | Reached skill level 5 in Short Blades
  1141 | D:2      | Reached XP level 5. HP: 41/49 MP: 5/5
  1141 | D:2      | Reached XP level 6. HP: 47/56 MP: 6/6
  1149 | D:2      | Gained mutation: A frigid envelope surrounds you and
                  | freezes all who hurt you. [hidden potential]
  1339 | D:3      | XOM: 5-stop teleportation journey
  1350 | D:3      | Noticed Gadfly's ghost (amateur GrFi)
  1353 | D:3      | Found a runed translucent door.
  1478 | D:3      | XOM: god gift: staff of fire
  1676 | D:3      | Identified the +8 sling "Fungyneg" {antimagic, Int+2}
  1844 | D:4      | Noticed Dowan
  1849 | D:4      | XOM: divination: detect items
  1851 | D:4      | Killed Dowan
  1915 | D:4      | Reached skill level 6 in Short Blades
  1980 | D:4      | Noticed Duvessa
  1986 | D:4      | XOM: potion effect (haste)
  1986 | D:4      | Slain by Duvessa

Illustrated notes

Levels and vault maps discovered:
D:1:      dpeg_arrival_tiny_k, layout_rooms
D:2:      layout_basic, basic_altar, minmay_tall_x, uniq_robin, uniq_sigmund
D:3:      layout_loops_cross, hellmonk_ghost_happy_afterlife,
          nrook_mini_backslash
D:4:      layout_basic, minmay_temple_entry_sparse_star, uniq_duvessa

Skill      XL: |  1  2  3  4  5  6 |
---------------+-------------------+-----
Short Blades   | 1 2 5 6 |  6.0
Fighting       | |  3.6
Polearms       | |  3.0
Ranged Weapons | |  0.1
Armour         | |  1.5
Dodging        | |  0.7

Action                     |  1- 3 |  4- 6 || total
---------------------------+-------+-------++-------
  Melee: Spear             |    24 |       ||    24
         Short sword       |    92 |   102 ||   194
         Punch             |       |     1 ||     1
   Fire: Sling             |       |    18 ||    18
    Use: Potion            |       |     3 ||     3
 Armour: Leather armour    |    62 |       ||    62
         Plate armour      |    21 |       ||    21
         Scale mail        |    10 |   106 ||   116
         Skin              |     1 |    52 ||    53
  Dodge: Dodged            |    46 |    33 ||    79
